Cogmind - Beta 16 @@@ ROGUE MODE // 2025.11.15 @ 14:56:58 Player: ChromeKnight Result: Destroyed by G-50 Soldier with Heavy Laser Performance ------------- Evolutions (2) 1000 Regions Visited (4) 800 Robots Destroyed (55) 275 Value Destroyed (1908) 1908 Prototype IDs (16) 320 Alien Tech Used (0) 0 Bonus (-23) -23 TOTAL SCORE: 4280 Bonus ------- Friendly Fire -23 Cogmind --------- Core Integrity 0/550 Matter 260/300 Energy 150/150 System Corruption 1% Temperature Cool (89) Movement Walking (120) Location -8/Storage Parts ------- > --- POWER (1) -------- Light Angular Momentum Engine > --- PROPULSION (4) --- Aluminum Leg Aluminum Leg Carbon-fiber Leg Carbon-fiber Leg > --- UTILITY (3) ------ Large Storage Unit Weapon Cycler Improved Medium Armor Plating > --- WEAPON (3) ------- Enhanced Autogun Enhanced Autogun Enhanced Autogun > --- INVENTORY (15) --- Light Deuterium Engine Aerolev Unit Aerolev Unit Aerolev Unit Aerolev Unit Improved VTOL Module Improved VTOL Module Melee Analysis Suite Weapon Cycler Weapon Cycler Weapon Cycler Improved Medium Armor Plating Power Bank Enhanced Autogun Peak State ------------ > --- POWER ------------ Light Angular Momentum Engine > --- PROPULSION ------- Aluminum Leg Aluminum Leg Carbon-fiber Leg Carbon-fiber Leg > --- UTILITY ---------- Large Storage Unit Weapon Cycler Improved Medium Armor Plating > --- WEAPON ----------- Enhanced Autogun Enhanced Autogun Enhanced Autogun > --- INVENTORY -------- Light Deuterium Engine Aerolev Unit Aerolev Unit Aerolev Unit Aerolev Unit Improved VTOL Module Improved VTOL Module Melee Analysis Suite Weapon Cycler Weapon Cycler Weapon Cycler Light Armor Plating Improved Medium Armor Plating Power Bank Enhanced Autogun [Rating: 40] Favorites ----------- Power Light Ion Engine Engine Light Ion Engine Power Core Light Nuclear Core Propulsion Light Treads Treads Light Treads Leg Aluminum Leg Wheel Wheel Hover Unit Gravmag System Flight Unit Improved Flight Unit Utility Large Storage Unit Device Improved Heat Sink Storage Large Storage Unit Processor Visual Processing Unit Protection Light Armor Plating Weapon EM Shotgun Energy Gun EM Shotgun Ballistic Gun Assault Rifle Ballistic Cannon Battle Cannon Launcher Rocket Launcher Build | -11 -10 -10 -8 -8 ------- Run | Yrd Mat Sub Mat Sto Slots Evolved 4 | . . . 4 . Power . | . . . . . Propulsion 2 | . . . 2 . Utility 1 | . . . 1 . Weapon 1 | . . . 1 . Parts Attached 62 | 6 6 8 32 10 Power 6 | 1 1 . 4 . Engine 3 | 1 1 . 1 . Core 3 | . . . 3 . Reactor . | . . . . . Propulsion 23 | 2 . 3 13 5 Treads 6 | 2 . 1 3 . Leg 7 | . . . 5 2 Wheel 2 | . . 2 . . Hover 6 | . . . 5 1 Flight 2 | . . . . 2 Utility 11 | 1 2 . 6 2 Device 2 | . 1 . 1 . Storage 2 | 1 1 . . . Processor 1 | . . . 1 . Hackware . | . . . . . Protection 6 | . . . 4 2 Artifact . | . . . . . Weapon 22 | 2 3 5 9 3 Energy Gun 9 | 1 3 4 1 . Energy Cannon . | . . . . . Ballistic Gun 11 | 1 . . 7 3 Ballistic Cannon 1 | . . 1 . . Launcher 1 | . . . 1 . Special Weapon . | . . . . . Impact Weapon . | . . . . . Slashing Weapon . | . . . . . Piercing Weapon . | . . . . . Special Melee Weapon . | . . . . . Unidentified Prototypes 4 | . . . . 4 Parts Lost 29 | . 1 5 23 . Power 4 | . 1 . 3 . Propulsion 11 | . . 3 8 . Utility 4 | . . . 4 . Weapon 10 | . . 2 8 . Highest Loss Streak 11 | . 1 2 11 . To Critical Strikes . | . . . . . Average Backups 10 | . 7 13 10 13 Power 1 | . 1 1 . 1 Propulsion 2 | . 1 2 2 4 Utility 4 | . 2 4 7 7 Weapon 2 | . 2 5 . . Tool/Special . | . . . . . Unused Backups 25 | . 2 5 5 13 Power 3 | . . 1 1 1 Propulsion 7 | . . 1 2 4 Utility 12 | . 2 1 2 7 Weapon 3 | . . 2 . 1 Tool/Special . | . . . . . Average Slot Usage (%) 91 | . 98 99 71 99 Engine 10 | . 13 14 3 9 Treads 19 | . 28 23 10 . Leg 5 | . . . 7 34 Wheel 2 | . . 4 3 . Hover 1 | . . . 4 . Device 10 | . 12 14 3 9 Storage 12 | . 14 14 9 9 Protection 2 | . . . 4 8 Energy Gun 19 | . 26 26 9 . Ballistic Gun 5 | . 1 . 9 27 Peak Build Rating 40 | 6 13 13 30 40 Average Rating 15 | 4 9 12 20 28 On Entrance 11 | . 6 12 13 24 Avg Prop Armor Cover (%) 8 | . . 11 3 . Naked Turns . | . . . . . Heaviest Build 53 | 10 30 30 53 46 Greatest Support 87 | 40 40 40 87 50 Greatest Overweight (x) 9 | . . 2 9 1 Average Overweight (x) . | . . . . . Largest Inventory Capacity 15 | 8 15 15 15 15 Average Capacity 14 | 6 14 15 15 15 Most Carried 15 | . 15 15 15 15 Average Carried 11 | . 7 14 11 13 Final Capacity 15 | 8 15 15 15 15 Final Carried 15 | . 15 9 12 14 Class Distribution -------------------- 71% | Mutant 14% | Scavenger-Tank 5% | Scavenger-Mutant 4% | Gunner 3% | Tank Dominant Class ---------------- Mutant | -10/Materials Mutant | -10/Subcaves Mutant | -8/Materials Scavenger-Tank | -8/Storage Resources | -11 -10 -10 -8 -8 ----------- Run | Yrd Mat Sub Mat Sto Matter Collected 1580 | 179 140 130 732 399 Remotely . | . . . . . Salvage Created 2622 | . 533 282 1314 493 Parts 124 | . 28 13 57 26 Haulers Intercepted 2 | . 1 . . 1 Recyclers Shooed 3 | . 1 . . 2 Parts Field Recycled . | . . . . . Retrieved Matter . | . . . . . Parts Self-Destructed 2 | . . 2 . . Prevented . | . . . . . Parts Restored . | . . . . . Kills | -11 -10 -10 -8 -8 ------- Run | Yrd Mat Sub Mat Sto Combat Hostiles Destroyed 41 | . 9 5 22 5 Guns 40 | . 9 5 21 5 Classes Destroyed 14 | . 7 1 5 1 Worker 2 | . 1 . . 1 Builder 2 | . . . 2 . Hauler 2 | . 1 . . 1 Recycler 3 | . 1 . . 2 Mechanic 1 | . . . 1 . Operator 1 | . 1 . . . Watcher 3 | . 1 . 2 . Swarmer 2 | . 2 . . . Grunt 26 | . 7 . 16 3 Duelist 1 | . . . 1 . Sentry 4 | . . . 3 1 Specialist 2 | . . . 2 . Hunter 1 | . . . . 1 Subdweller 5 | . . 5 . . Best Kill Streak 6 | . 4 2 6 3 Combat Bots Only 6 | . 4 2 6 1 Max Kills in Single Turn 1 | . 1 1 1 1 Gunslinging . | . . . . . Exploded . | . . . . . Melee . | . . . . . Uniques/NPCs Destroyed . | . . . . . Combat | -11 -10 -10 -8 -8 -------- Run | Yrd Mat Sub Mat Sto Hostile Shots Fired 316 | . 58 17 218 23 Missed 78 | . 11 9 56 2 Hits 238 | . 47 8 162 21 Projectile 238 | . 47 8 162 21 AOE 3 | . . 3 . . Critical Strikes 12 | . 1 . 11 . Damage Taken 4276 | . 539 383 3016 338 Core 732 | . 124 52 504 52 Absorbed by Shields . | . . . . . Core Remaining (%) 64 | 100 . 29 . . Volleys Fired 230 | . 55 26 123 26 Largest 3 | . 2 2 3 3 Hottest 140 | . 90 90 140 75 Shots Fired 447 | . 110 47 212 78 Gun 442 | . 110 42 212 78 Cannon 5 | . . 5 . . Launcher . | . . . . . Special . | . . . . . Kinetic 263 | . 19 5 161 78 Thermal 87 | . 87 . . . Explosive . | . . . . . Electromagnetic 97 | . 4 42 51 . Robot Hit Streak 15 | . 12 12 15 9 Robot Miss Streak 6 | . 4 2 6 4 Penetration Max . | . . . . . Secondary Targets 6 | . 3 . 3 . Max Gunslinging Chain 1 | . 1 . 1 . Shots Hit Robots 316 | . 69 36 164 47 Core Hits 146 | . 29 21 75 21 Critical Kills . | . . . . . Critical Parts Destroyed 2 | . . . 2 . Critical Strikes 2 | . . . 2 . Destroy 2 | . . . 2 . Melee Attacks . | . . . . . Impact . | . . . . . Slashing . | . . . . . Piercing . | . . . . . Sneak Attacks . | . . . . . Combat Hostiles . | . . . . . Follow-up Attacks . | . . . . . Damage Inflicted 4438 | . 716 438 2614 670 Guns 4178 | . 709 438 2361 670 Cannons . | . . . . . Explosions 253 | . . . 253 . Melee . | . . . . . Ramming 7 | . 7 . . . Kinetic 2470 | . 138 . 1662 670 Thermal 792 | . 539 . 253 . Explosive . | . . . . . Electromagnetic 1169 | . 32 438 699 . Impact . | . . . . . Slashing . | . . . . . Piercing . | . . . . . Highest Corruption 1 | . 1 1 1 1 Average Corruption 1 | . 1 1 1 1 Corruption Purged . | . . . . . Corruption Blocked . | . . . . . Effects 23 | . 2 13 6 2 Message Errors 8 | . 2 2 3 1 Matter Fused 4 | . . 3 1 . Heat Flow Errors 2 | . . 1 1 . Energy Discharges 5 | . . 3 1 1 Parts Rejected 1 | . . 1 . . Data Loss (minor) 1 | . . 1 . . Misfires 1 | . . 1 . . Alerts 1 | . . 1 . . Overload Shots . | . . . . . Overflow Damage 5 | . . . 5 . Projectiles . | . . . . . Explosions 5 | . . . 5 . Melee . | . . . . . Knockbacks . | . . . . . Impact . | . . . . . Kinetic . | . . . . . Secondary . | . . . . . Self-Inflicted Damage 47 | . . . 47 . Shots 1 | . . . 1 . Rammed 1 | . 1 . . . Targets Rammed 1 | . 1 . . . Kicked . | . . . . . Crushed . | . . . . . Highest Temperature 280 | . 280 152 175 172 Average Temperature 65 | . 154 98 40 43 Received Heat Transfer 1617 | . 258 18 1260 81 Siege Activations . | . . . . . Martial Activations . | . . . . . Shielding Activations . | . . . . . Robots Disrupted . | . . . . . Combat Hostiles . | . . . . . Robots Corrupted 1 | . . . 1 . Combat Hostiles 1 | . . . 1 . Parts Fried 3 | . 1 . 2 . Impact Corruptions . | . . . . . Robots Melted . | . . . . . Combat Hostiles . | . . . . . Parts Melted 3 | . 3 . . . Heat Transferred 1525 | . 1225 . 300 . Parts Sabotaged . | . . . . . Parts Stolen . | . . . . . Parts Stripped . | . . . . . Power Chain Reactions 2 | . . . 2 . Alert | -11 -10 -10 -8 -8 ------- Run | Yrd Mat Sub Mat Sto Maximum Alert Level 1 | . . . 1 . Low Security (%) 92 | 100 100 . 81 100 Level 1 7 | . . . 18 . Level 2 . | . . . . . Level 3 . | . . . . . Level 4 . | . . . . . Level 5 . | . . . . . High Security . | . . . . . Max Security . | . . . . . Peak Influence 257 | . 100 . 257 107 Initial 100 | . . . . 100 Average 61 | . 22 . 97 83 Influence Increases 1129 | . 253 . 729 147 Destroy 0b10 Robot/C 720 | . 180 . 440 100 Destroy 0b10 Robot/NC 70 | . 25 . 25 20 Destroy Leader 160 | . 44 . 94 22 Allied During Kill 4 | . . . . 4 Successful Hack 4 | . 4 . . . Destroy Structure 6 | . . . 5 1 Partial Spotted 15 | . . . 15 . Lose Combat Pursuer 150 | . . . 150 . Influence Decreases 1042 | . 253 . 490 299 Entered New Map 139 | . . . . 139 Time Decay 739 | . 253 . 326 160 Lost Part 164 | . . . 164 . Squads Dispatched 8 | . 2 . 4 2 Investigation 1 | . 1 . . . Extermination . | . . . . . Reinforcement 5 | . 1 . 4 . Assault 2 | . . . . 2 Garrison . | . . . . . Intercept . | . . . . . Searches Triggered . | . . . . . Construction Impeded 1 | . . . 1 . Haulers Reinforced . | . . . . . Active Scanning Responses . | . . . . . Cargo Convoy Interrupts . | . . . . . Stealth | -11 -10 -10 -8 -8 --------- Run | Yrd Mat Sub Mat Sto Distress Signals 9 | . 2 . 6 1 Communications Jammed . | . . . . . Distress Signals . | . . . . . Times Spotted 80 | . 17 8 43 12 Peak Tracking Total 7 | . 4 2 7 5 Tactical Retreats 7 | . . 1 6 . Traps | -11 -10 -10 -8 -8 ------- Run | Yrd Mat Sub Mat Sto Traps Triggered 6 | . 2 2 1 1 Indirectly . | . . . . . Trap Hack Attempts . | . . . . . Triggered . | . . . . . Disarmed . | . . . . . Reprogrammed . | . . . . . Reused . | . . . . . Traps Extracted . | . . . . . Installed . | . . . . . Triggered . | . . . . . Machines | -11 -10 -10 -8 -8 ---------- Run | Yrd Mat Sub Mat Sto Machines Disabled 1 | . . 1 . . Max in Single Turn 1 | . . 1 . . Machines Repaired . | . . . . . Machines Dismantled . | . . . . . Machines Sabotaged . | . . . . . Overloaded Fab Kills . | . . . . . Hacking | -11 -10 -10 -8 -8 --------- Run | Yrd Mat Sub Mat Sto Machines Accessed 11 | . 6 2 3 . Terminals 9 | . 6 . 3 . Fabricators . | . . . . . Repair Stations . | . . . . . Recycling Units . | . . . . . Scanalyzers . | . . . . . Garrison Access . | . . . . . Total Hacks 25 | . 14 5 6 . Successful 11 | . 6 5 . . Failed 14 | . 8 . 6 . Catastrophic 1 | . . . 1 . Database Lockouts . | . . . . . Manual 20 | . 14 . 6 . Terminals 20 | . 14 . 6 . Fabricators . | . . . . . Repair Stations . | . . . . . Recycling Units . | . . . . . Scanalyzers . | . . . . . Garrison Access . | . . . . . Terminal Hacks 5 | . . 5 . . Record 4 | . . 4 . . Proto ID Catalog 1 | . . 1 . . Fabricator Hacks . | . . . . . Repair Station Hacks . | . . . . . Recycling Unit Hacks . | . . . . . Scanalyzer . | . . . . . Garrison Access Hacks . | . . . . . Unauthorized Hacks 6 | . 6 . . . Terminals 6 | . 6 . . . Skim 6 | . 6 . . . Fabricators . | . . . . . Repair Stations . | . . . . . Recycling Units . | . . . . . Scanalyzers . | . . . . . Garrison Access . | . . . . . Data Cores Recovered . | . . . . . Used . | . . . . . Hacking Detections 6 | . 3 . 3 . Full Trace Events . | . . . . . Feedback Events . | . . . . . Feedback Blocked . | . . . . . Robot Schematics Acquired . | . . . . . Robots Built . | . . . . . Authchips . | . . . . . Time . | . . . . . Total Robot Build Rating . | . . . . . Part Schematics Acquired . | . . . . . Parts Built . | . . . . . Authchips . | . . . . . Time . | . . . . . Total Part Build Rating . | . . . . . Part Studies Acquired . | . . . . . Parts Repaired . | . . . . . Time . | . . . . . Parts Recycled . | . . . . . Recycled Matter . | . . . . . Retrieved Matter . | . . . . . Retrieved Components . | . . . . . Parts Scanalyzed . | . . . . . Part Schematics Acquired . | . . . . . Parts Damaged . | . . . . . Bothacking | -11 -10 -10 -8 -8 ------------ Run | Yrd Mat Sub Mat Sto Used RIF Installer . | . . . . . Robots Hacked . | . . . . . Non-combat . | . . . . . Combat . | . . . . . Robot Hacks Applied . | . . . . . Relay Couplers Released . | . . . . . Fabnet Peak Effective % . | . . . . . Robots Rewired . | . . . . . Allies Hacked . | . . . . . Hacks Repelled . | . . . . . Allies | -11 -10 -10 -8 -8 -------- Run | Yrd Mat Sub Mat Sto Total Allies 2 | . . . . 2 Largest Group 2 | . . . . 2 Highest-Rated Group 62 | . . . . 62 Highest-Rated Ally 31 | . . . . 31 Total Orders . | . . . . . Ally Attacks 10 | . . . . 10 Total Damage 86 | . . . . 86 Kills 1 | . . . . 1 Allies Corrupted . | . . . . . Allies Melted . | . . . . . Intel | -11 -10 -10 -8 -8 ------- Run | Yrd Mat Sub Mat Sto Active Infowar (turns) 1 | . . . 1 . Optics 1 | . . . 1 . Robot Analysis Total . | . . . . . Derelict Logs Recovered 1 | . . 1 . . Drone Launches . | . . . . . Drone Recoveries . | . . . . . Exploration | -11 -10 -10 -8 -8 ------------- Run | Yrd Mat Sub Mat Sto Turns Passed 3654 | 63 936 1385 941 329 Spaces Moved 1856 | 35 376 871 420 154 Core 8 | 1 . . 7 . Treads 1118 | 34 376 537 171 . Legs 278 | . . . 124 154 Wheels 370 | . . 334 36 . Hover 82 | . . . 82 . Flight . | . . . . . Fastest Speed 48 | 50 160 110 48 120 Average Speed 140 | 156 160 141 127 120 Slowest Speed 500 | 160 160 240 500 190 Overloaded Moves . | . . . . . Propulsion Burnouts . | . . . . . Robots Hopped . | . . . . . Potential Cave-ins . | . . . . . Cave-ins Triggered . | . . . . . Exploration Rate (%) 31 | 3 56 42 31 24 Regions Visited 4 Branch Regions 2 Pre-discovered Areas 1 | . 1 . . . Known Exits Taken 1 | . 1 . . . Unknown Exits Taken 3 | 1 . 1 1 . Scrap Searched 4 | . . 4 . . Spaces Dug . | . . . . . Terrain Destroyed 3 | . . . 3 . Melee . | . . . . . Projectile . | . . . . . AOE 3 | . . . 3 . Terrain Rammed . | . . . . . Walls Destroyed . | . . . . . Machines Disabled . | . . . . . Actions | -11 -10 -10 -8 -8 --------- Run | Yrd Mat Sub Mat Sto Total 2526 | 40 604 981 642 259 Wait 287 | . 145 62 36 44 Move 1852 | 34 375 870 419 154 Hop . | . . . . . Pick Up 52 | . 17 6 23 6 Fast Attach 35 | 6 4 1 16 8 Attach 23 | . 1 7 14 1 Detach . | . . . . . Swap 11 | . 1 1 2 7 Drop 35 | . 5 8 9 13 Fire 230 | . 55 26 123 26 Melee . | . . . . . Ram . | . . . . . Kick . | . . . . . Crush 1 | . 1 . . . Escape Stasis . | . . . . . Rewire . | . . . . . Trap . | . . . . . Miscellaneous . | . . . . . Route ------- -11/Scrapyard -10/Materials (discovered 4 exits: [*Mat] / [*Min x2] / *Sub) -10/Subcaves -8/Materials (discovered 3 exits: *Fac x2 / [*Sto]) -8/Storage History --------- Turn | Location | Event 11 | -11/Scrapyard | Discovered new exit (range 16) 64 | -11/Scrapyard | Entered Materials 251 | -10/Materials | Discovered new exit (range 14) 304 | -10/Materials | Build established: Mutant 318 | -10/Materials | Discovered new exit (range 5) 511 | -10/Materials | Discovered new exit (range 8) 609 | -10/Materials | Identified exit to Subcaves 643 | -10/Materials | Learned location of 1 exit from Recycling 669 | -10/Materials | Learned location of Mines (-9) 686 | -10/Materials | Learned 2 Mines zone layouts 687 | -10/Materials | Learned Storage emergency access door positions 698 | -10/Materials | Learned Storage trap positions 1000 | -10/Materials | Entered Subcaves 1123 | -10/Subcaves | Learned location of 1 exit from Materials 1139 | -10/Subcaves | Discovered new exit (range 9) 1161 | -10/Subcaves | Visited Clippyterm 1166 | -10/Subcaves | Learned Research machine intel 1507 | -10/Subcaves | Shifting Twisted Machinery released Sub. Power Source 1507 | -10/Subcaves | Shifting Twisted Machinery released Mak. Flight Unit 1701 | -10/Subcaves | A swath of the cavern ceiling suddenly collapsed 1920 | -10/Subcaves | Core integrity fell below 50% 1979 | -10/Subcaves | Ambushed by Subdweller buried in earth 2210 | -10/Subcaves | Visited 4L-MR0's lab 2223 | -10/Subcaves | Found Power Bank 2385 | -10/Subcaves | Entered Materials 2385 | -8/Materials | Evolved 4 slots: Propulsion x2, Utility x1, Weapon x1 2386 | -8/Materials | Identified exit to Factory 2509 | -8/Materials | Discovered new exit (range 13) 2812 | -8/Materials | Discovered exit to Factory (range 5) 2898 | -8/Materials | Lost 11 parts (2p3n2u4w) 2982 | -8/Materials | Core integrity fell below 50% 3053 | -8/Materials | Lost 7 parts (1p4n2w) 3081 | -8/Materials | Core integrity fell below 20% 3326 | -8/Materials | Entered Storage 3327 | -8/Storage | Loaded intel: 21 trap records 3411 | -8/Storage | Build established: Scavenger-Tank 3573 | -8/Storage | Met a pair of Derelict thieves 3655 | -8/Storage | Destroyed by G-50 Soldier with Heavy Laser Last Messages --------------- 03603_ R-06 Scavenger sends out distress signal. 03610_ R-06 Scavenger collects Tractor Beam. 03610_ G-47 Trooper suffers critical hit (Burn). 03612_ G-47 Trooper destroyed. 03613_ R-06 Scavenger collects Com. Wheel. 03613_ K-01 Serf collects debris. 03613_ K-01 Serf destroyed. 03615_ Acquired 58 matter. 03619_ A-02 Transporter destroyed. 03623_ Acquired 40 matter. 03625_ Acquired 46 matter. 03632_ C-45 Heavy ARC bursts open, deploying its payload. 03632_ G-50 Soldier unfolds itself. 03632_ B-36 Bruiser unfolds itself. 03632_ L-31 Rogue unfolds itself. 03632_ M-28 Smith unfolds itself. 03646_ BC-4GS(g) destroyed. 03649_ R-06 Scavenger collects Prototype Energy Gun. Map ----- +----------------------------------------------------+ | ????# #??????????????????????????????? | | ????# #??????????????????????????????? | | ????# #########??????????????????????? | | ????# # "= #??????????????????????? | | ????# # = #??????????????????????? | | ????# + "====#??????????????????????? | | ????# ##T######??????????????????????? | | ????# ####???????????????????????????? | | ????# #??????????????????????????????? | | ????#^^^#??????????????????????????????? | | ????#^^ #???????#??????????????????????? | | ????# * #??????? ??????????????????????? | | ????# !=#??????? ??????????????????????? | | ????#*% #?? "??? ??????????????????????? | | ????# # "???? ??????????????????????? | | ????# + "????? ??????????????????????? | | ????# # "????" ??????????????????????? | | ????# # "???" ??????????????????????? | | ????# #?"??? ??????????????????????? | | ????# #????? ?????????????^^???????? | | ????# #?????#/#??????????????^^??????? | | ????#^^^#?????#u#??????????????^^??????? | | ????# #?????#!#??????????????????????? | | ????# #?????#[#####/###??????????????? | | ????# #?????#mgC % ???????? | | ????# [#????##@##### ###??????????????? | | ????# !!######[g #?????????????????????? | | ????#=*![!== = #?????????????????????? | | ????# %=######=! #?????????????????????? | | ????# =#????#####?????????????????????? | | ???###+##??????????????????????????????? | | ???# ##?????????????????????????????? | | ???# T#??????????????????????????^^^? | | ???##" "###?????????????????????????^^^? | | ???#! #????????????????????????????? | | ???# [ ]]#????????????????????????????? | | ???# [[ ] #????????????????????????????? | | ???# !! ]#????????????????????????????? | | ???########????????????????????????????? | | ???????????????????????????????????????? | | ???????????????????????????????????????? | | ???????????????????????????????????????? | | ???????????????????????????????????????? | | ???????????????????????????????????????? | | ???????????????????????????????????????? | | ???????????????????????????????????????? | | ???????????????????????????????????????? | | | | | | | +----------------------------------------------------+ Best States ------------- Heat Dissipation 45 Energy Generation 18 Energy Capacity 240 Matter Stores 300 Matter Capacity 300 Sight Range 16 Terrain Scan Density 10 Armor Coverage 800 Weapon Cycling 15 Evasion (%) 55 Recoil Reduction 4 Item Schematics ----------------- None Robot Schematics ------------------ None Fabricated ------------ Nothing Repaired ---------- Nothing Studied --------- None Alien Tech Used ----------------- None Achievements -------------- None Challenges ------------ None Game ------ Seed InsulationAntigravMantle Manual? 0 Play Time 00:19:32 Cumulative 547.4 hours Start 2025.11.15 @ 14:38:17 End 2025.11.15 @ 14:56:58 Sessions 1 Manual Loads 0 Difficulty Rogue Special Mode None Game No. 886 Rogue 731 Adventurer 148 Explorer 7 Win Type - Total 26 Types 20/1/4/1/0/0/0/0/0/0 Lore% 79 Gallery% 81 Achievement% 66 Wizard Run 0 Options --------- Layout 1 ASCII 0 Keyboard 0 Movement Numpad Keybinds 0 Fullscreen 2 Font 24/Smallcaps Map View 50x40 Zoom Use 0% Tactical HUD 1 Map Filters NONE Filters NONE Steam 1 RUN: 68578d85-9747-4973-a269-de876e26225f